 Dungeon Crawl Stone Soup version 0.29-a0-474-gdfe5cd140f (webtiles) character file.

Game seed: 13552925252835682195

24 Linklo the Skirmisher (level 2, -7/27 HPs)
             Began as a Minotaur Berserker on May 24, 2022.
             Was a Follower of Trog.
             Mangled by a gnoll
             ... wielding a +1 vampiric halberd
              (10 damage)
             ... on level 2 of the Dungeon.
             The game lasted 00:09:26 (1397 turns).

Linklo the Skirmisher (Minotaur Berserker)          Turns: 1397, Time: 00:09:27

Health: -7/27      AC: 11    Str: 21    XL:     2   Next: 79%
Magic:  1/1        EV:  6    Int:  4    God:    Trog [*.....]
Gold:   91         SH:  0    Dex:  9    Spells: 1/1 levels left

rFire   . . .      SeeInvis .   c - +2 short sword (venom)
rCold   . . .      Faith    .   (no shield)
rNeg    . . .      Spirit   .   f - +0 plate armour
rPois   .          Reflect  .   (helmet restricted)
rElec   .          Harm     .   (no cloak)
rCorr   .          Rampage  .   (no gloves)
Will    .....                   (no boots)
Stlth   ..........              (no amulet)
HPRegen 0.09/turn               (no ring)
MPRegen 0.07/turn               (no ring)

@: brilliant
A: horns 2, retaliatory headbutt
a: Renounce Religion, Berserk


You were on level 2 of the Dungeon.
You worshipped Trog.
Trog was aware of your devotion.
You visited 1 branch of the dungeon, and saw 2 of its levels.

You collected 91 gold pieces.

Inventory:

Hand Weapons
 a - a +0 hand axe
 c - a +2 short sword of venom (weapon)
Missiles
 k - 3 javelins (quivered)
Armour
 b - a +0 animal skin
 f - a +0 plate armour (worn)
 i - a +2 scale mail of fire resistance
Scrolls
 d - a scroll of identify
 g - a scroll of teleportation {unknown}
 h - a scroll of enchant weapon
Potions
 e - a potion of curing {unknown}
 j - 3 potions of flight
 l - a potion of brilliance
 m - a potion of degeneration {unknown}


   Skills:
 + Level 3.9 Fighting
 * Level 1.5 Short Blades
 - Level 3.6 Axes
 + Level 2.8 Armour
 + Level 2.5 Dodging


You had one spell level left.
You didn't know any spells.
Your spell library was empty.

Dungeon Overview and Level Annotations

Branches:
Dungeon (2/15)

Altars:

Shops:
D:1 *


Innate Abilities, Weirdness & Mutations

You have a pair of horns on your head.
You reflexively headbutt those who attack you in melee.


Message History

You kill the hobgoblin!
Trog accepts your kill.
You puncture the endoplasm!
You kill the endoplasm!
Trog accepts your kill. The bat barely misses you.
The gnoll hits you from afar with a +1 vampiric halberd.
You hit the bat.
You kill the bat!
Trog accepts your kill. The gnoll barely misses you.
Throw: 5 javelins
Press: ? - help, Q - select action Shift-Dir - straight line, f - gnoll
Aim: a gnoll, wielding a +1 vampiric halberd (58% to hit)
You throw a javelin. The javelin pierces through the gnoll.
The gnoll is heavily wounded.
The gnoll hits you from afar with a +1 vampiric halberd.
The gnoll draws strength from your wounds!
Throw: 4 javelins
Press: ? - help, Q - select action Shift-Dir - straight line, f/p - gnoll
Aim: a gnoll, wielding a +1 vampiric halberd (moderately wounded, 58% to hit)
You throw a javelin. The javelin barely misses the gnoll.
The gnoll hits you but does no damage.
The gnoll hits you from afar with a +1 vampiric halberd.
The gnoll draws strength from your wounds!
The gnoll closely misses you.
You hit the gnoll.
The gnoll is poisoned.
The gnoll is moderately wounded.
The gnoll hits you with a +1 vampiric halberd!
* * * LOW HITPOINT WARNING * * *
The gnoll draws strength from your wounds!
You barely miss the gnoll.
The gnoll is moderately wounded.
The gnoll hits you with a +1 vampiric halberd.
* * * LOW HITPOINT WARNING * * *
The gnoll draws strength from your wounds!
It was a potion of brilliance.
You feel clever all of a sudden.
The gnoll hits you with a +1 vampiric halberd!
You die...

#.....###..#
##.....##..#
##.....#..# ##..†.#..#
##...'..#####
###+######..#......###
#.....#.###.#.##.♣≈≈.♣
#..!..#..####.##.P≈≈.≈
+((.g@'...###.##..≈≈♣.
#..$.†#....##.##.....#
#?....#.....#.##.....#
###+####....#..>.....'
##...'.#......#
##..#.#......#
##.#.#......#
###.......##
##.......#.


You could see a gnoll (very poisoned).

Vanquished Creatures
  A dart slug (D:1)
  A ball python (D:1)
  3 endoplasms
  3 giant cockroaches
  A goblin (D:1)
  3 hobgoblins (D:2)
  4 bats
  A frilled lizard (D:1)
  4 kobolds (D:1)
21 creatures vanquished.

Notes
Turn   | Place    | Note
-------+----------+-------------------------------------------
     0 | D:1      | Linklo the Minotaur Berserker began the quest for the Orb.
     0 | D:1      | Reached XP level 1. HP: 19/19 MP: 0/0
   361 | D:1      | Found Wuon's General Store.
   616 | D:1      | Reached skill level 1 in Short Blades
   616 | D:1      | Reached XP level 2. HP: 27/27 MP: 1/1
  1397 | D:2      | Mangled by a gnoll

Illustrated notes

Levels and vault maps discovered:
D:1:      eino_arrival_tree_alley, layout_loops_ring, serial_shops, shop
D:2:      layout_basic, kennysheep_nondescript, chequers_serial_rivers_room_b,
          chequers_serial_rivers_small_3, grunt_ministairs_14,
          serial_bayou_pond_e, minmay_quadrilaterals

Skill      XL: |  1 |
---------------+----+-----
Short Blades   | 1 |  1.5
Fighting       | |  3.9
Axes           | |  3.6
Armour         | |  2.8
Dodging        | |  2.5

Action                   || total
-------------------------++-------
Melee: Short sword       ||    45
       Hand axe          ||     2
       Headbutt          ||     6
       Punch             ||     1
Throw: Javelin           ||     6
  Use: Scroll            ||     2
       Potion            ||     1
Armor: Plate armour      ||    24
       Animal skin       ||     3
Dodge: Dodged            ||    30

Table legend: (Time is in decaauts)
 A = Elapsed time spent in this place.
 B = Non-inter-level travel time spent in this place.
 C = Inter-level travel time spent in this place.
 D = Time resting spent in this place.
 E = Time spent auto-exploring this place.
 F = Levels seen in this place.
 G = Mean time per level.
                   A        B        C        D        E       F      G
               +--------+--------+--------+--------+--------+-----+--------+
         Total |   1402 |    544 |    858 |    186 |    190 |   2 |  701.0 |
       Dungeon |   1402 |    544 |    858 |    186 |    190 |   2 |  701.0 |
               +--------+--------+--------+--------+--------+-----+--------+

Top non-repeatable levels by time:
     D:1: 989 daAuts
     D:2: 412 daAuts
